 Dungeon Crawl Stone Soup version 0.31-a0-221-gbddc013574 (webtiles) character file.

Game seed: 1102931419938082844

184 qw the Shooter (level 5, 0/41 (46) HPs)
             Began as a Minotaur Hexslinger on July 4, 2023.
             Slain by a wight
             ... wielding a +4 short sword
              (8 damage)
             ... in a sewer.
             The game lasted 00:00:48 (1875 turns).

qw the Shooter (Minotaur Hexslinger)                Turns: 1875, Time: 00:00:49

HP:   0/41 (46)     AC:  9    Str: 13    XL:     5   Next: 36%
MP:   5/5           EV: 11    Int: 10    God:
Gold: 129           SH:  0    Dex: 14    Spells: 5/6 levels left

rFire   . . .        Y - +2 sling
rCold   . . .        (no shield)
rNeg    . . .        b - +0 ring mail
rPois   +            (helmet restricted)
rElec   .            (no cloak)
rCorr   .            (no gloves)
SInv    .            (no boots)
Will    .....        (no amulet)
Stlth   +            d - ring of poison resistance
HPRegen 0.26/turn    h - +4 ring of protection
MPRegen 0.09/turn

%: no passive effects
@: about to teleport, heavily drained
A: horns 2, retaliatory headbutt
a: no special abilities


You were in a sewer.
You visited 1 branch of the dungeon, and saw 3 of its levels.
You also visited: Sewer.

You collected 129 gold pieces.


Innate Abilities, Weirdness & Mutations

You have a pair of horns on your head.
You reflexively headbutt those who attack you in melee.


   Skills:
 - Level 3.7 Fighting
 + Level 5.0 Ranged Weapons
 - Level 1.1 Armour
 - Level 2.1 Dodging
 - Level 1.0 Spellcasting
 - Level 2.0 Hexes


You had 5 spell levels left.
You knew the following spells:

 Your Spells              Type           Power      Damage    Failure   Level
a - Slow                  Hex            16%        N/A       32%         1

Your spell library contained the following spells:

 Spells                   Type           Power      Damage    Failure   Level
 Inner Flame              Hex/Fire       2%         N/A       82%         3
 Portal Projectile        Hex/Tloc       4%         N/A       82%         3
 Cause Fear               Hex            2%         N/A       97%         4

Inventory:

Hand Weapons
 Y - a +2 sling (weapon)
Armour
 b - a +0 ring mail (worn)
Jewellery
 a - a +4 ring of slaying {mikee}
 d - a ring of poison resistance (left hand)
 h - a +4 ring of protection (right hand)
Potions
 e - a potion of lignification {unknown}
 f - a potion of curing {unknown}

Dungeon Overview and Level Annotations

Branches:
Dungeon (3/15)              Sewer (1/1)

Altars:


Message History

You shoot a sling bullet.
The sling bullet barely misses the wight.
The wight hits you but does no damage.
You shoot a sling bullet.
The sling bullet closely misses the wight.
The wight hits you with a +4 short sword!
You feel drained.
You shoot a sling bullet. The sling bullet hits the wight.
The wight is lightly damaged.
The wight hits you but does no damage. The wight closely misses you.
You shoot a sling bullet.
The sling bullet barely misses the wight.
The wight hits you with a +4 short sword.
You feel drained.
You shoot a sling bullet.
The sling bullet hits the wight but does no damage.
The wight is lightly damaged.
The wight completely misses you.
You shoot a sling bullet.
The sling bullet barely misses the wight.
The wight closely misses you.
You shoot a sling bullet.
The sling bullet barely misses the wight.
The wight closely misses you. You furiously retaliate!
You headbutt the wight, but do no damage.
The wight closely misses you.
You shoot a sling bullet.
The sling bullet closely misses the wight.
The wight hits you with a +4 short sword!
You feel drained.
You shoot a sling bullet.
The sling bullet hits the wight but does no damage.
The wight is lightly damaged.
The wight hits you with a +4 short sword.
You feel drained.
1875 ||| READING scroll of teleportation.
As you read the scroll of teleportation, it crumbles to dust.
You feel strangely unstable.
The wight hits you with a +4 short sword!
You die...

##+++##
#########.....##
#~~~~~~#..}.}..#
!......'.......+
[..)..z@.}._.}.+
?......'.......+
#~~~~~~#...}...#
##########...###
########)############
~~~~~~#).)#~~~~~~#~~~
~.~~~~.....~~~~~~~~~~
.)....#...#.%....#~~~
#+#######~#######'#~~~


You could see a wight.

Vanquished Creatures
  A kobold brigand (Sewer)
  4 adders
  4 dart slugs
  7 ball pythons
  2 bat zombies (Sewer)
  5 endoplasms
  8 giant cockroaches
  3 goblins
  6 hobgoblins
  3 jackals (D:1)
  2 quokkas
  6 bats
  3 frilled lizards
  A giant cockroach zombie (Sewer)
  11 kobolds
  A kobold zombie (Sewer)
  3 rats
70 creatures vanquished.

Notes
Turn   | Place    | Note
-------+----------+-------------------------------------------
     0 | D:1      | qw the Minotaur Hexslinger began the quest for the Orb.
     0 | D:1      | Reached XP level 1. HP: 16/16 MP: 1/1
     0 | D:1      | 0 ||| qw: Version: 0.3-a-41-g9d075ac
     0 | D:1      | 0 ||| qw: Game counter: 839
     0 | D:1      | 0 ||| qw: Melee chars always use a shield: true
     0 | D:1      | 0 ||| qw: God list: Okawaru
     0 | D:1      | 0 ||| qw: Allow faded altars: false
     0 | D:1      | 0 ||| qw: Do Orc after clearing Dungeon:15 true
     0 | D:1      | 0 ||| qw: Do second Lair branch before Depths: true
     0 | D:1      | 0 ||| qw: Lair rune preference: random
     0 | D:1      | 0 ||| qw: Goals: Normal
     0 | D:1      | 0 ||| PLANNING D:1-11
    54 | D:1      | 54 ||| FLEEEEING.
    55 | D:1      | 55 ||| FLEEEEING.
    56 | D:1      | 56 ||| FLEEEEING.
   156 | D:1      | Reached skill level 3 in Ranged Weapons
   156 | D:1      | Reached XP level 2. HP: 23/23 MP: 2/2
   539 | D:1      | Reached XP level 3. HP: 29/29 MP: 3/3
   732 | D:1      | 732 ||| UPGRADING to +4 ring of slaying {mikee}.
   733 | D:1      | 733 ||| UPGRADING to +4 ring of protection.
   734 | D:1      | 734 ||| READING scroll labelled BUXOM AKIMA.
   735 | D:1      | 735 ||| READING 2 scrolls labelled UTUPSY INUTUEG.
   740 | D:1      | 740 ||| READING scroll labelled AXKUALAIFU.
   741 | D:1      | 741 ||| READING scroll labelled ILAD EBLEWKU.
   742 | D:1      | 742 ||| DROPPING scroll of poison.
   913 | D:2      | Reached skill level 4 in Ranged Weapons
  1399 | D:2      | Reached XP level 4. HP: 36/36 MP: 4/4
  1542 | D:2      | 1542 ||| UPGRADING to +0 ring mail.
  1552 | D:2      | 1552 ||| DROPPING +0 robe.
  1553 | D:2      | 1553 ||| UPGRADING to ring of poison resistance.
  1555 | D:2      | 1555 ||| READING scroll labelled LOM FOECYCWO.
  1556 | D:2      | 1556 ||| READING scroll labelled SOETUO LALEDUI.
  1557 | D:2      | 1557 ||| READING scroll labelled ZIDOUSIOKHLE.
  1566 | D:3      | 1566 ||| PLANNING SEWER
  1660 | D:3      | Found a glowing drain.
  1671 | D:3      | Reached skill level 1 in Armour
  1692 | Sewer    | Entered a sewer
  1741 | Sewer    | 1741 ||| Stepping ~*~*~tactically~*~*~ (water).
  1775 | Sewer    | 1775 ||| Stepping ~*~*~tactically~*~*~ (water).
  1777 | Sewer    | Reached skill level 5 in Ranged Weapons
  1796 | Sewer    | Found an ancient bone altar of Kikubaaqudgha.
  1796 | Sewer    | Noticed a kobold brigand
  1808 | Sewer    | Killed a kobold brigand
  1809 | Sewer    | Reached skill level 3 in Fighting
  1809 | Sewer    | Reached XP level 5. HP: 35/46 MP: 5/5
  1874 | Sewer    | HP: 8/42 [wight/+4 short sword (6)]
  1875 | Sewer    | 1875 ||| READING scroll of teleportation.
  1875 | Sewer    | Slain by a wight

Levels and vault maps discovered:
D:1:      psy_arrival_fountain, layout_loops_ring
D:2:      layout_loops_corners
D:3:      layout_basic, gup_sewer_entry_glass
Sewer:    kennysheep_sewer_church

Skill      XL: |  1  2  3  4 |
---------------+-------------+-----
Ranged Weapons | 3 4 5 |  5.0
Fighting       | 2 3 |  3.7
Armour         | 1 |  1.1
Dodging        | |  2.1
Spellcasting   | |  1.0
Hexes          | |  2.0

Action                     |  1- 3 |  4- 6 || total
---------------------------+-------+-------++-------
   Fire: Sling             |   127 |    80 ||   207
    Use: Scroll            |     4 |     4 ||     8
 Armour: Robe              |    20 |       ||    20
         Ring mail         |       |    28 ||    28
  Dodge: Dodged            |    45 |    45 ||    90

Table legend:
 A = Non-vault XP
 B = Vault XP
 C = Vault XP percentage of total XP
 D = Non-vault monster count
 E = Vault monster count
 F = Vault count percentage of total count
                 A         B        C        D         E       F
            +---------+---------+-------+---------+---------+-------
      Total |     104 |     159 |  60.5 |      49 |      21 |  30.0
            +---------+---------+-------+---------+---------+-------
        D:1 |      53 |       0 |   0.0 |      27 |       0 |   0.0
        D:2 |      45 |       0 |   0.0 |      18 |       0 |   0.0
        D:3 |       6 |      41 |  87.2 |       4 |       4 |  50.0
      Sewer |       0 |     118 | 100.0 |       0 |      17 | 100.0
            +---------+---------+-------+---------+---------+-------
